 Dungeon Crawl Stone Soup version 0.31-a0-702-gf82c85558f (webtiles) character file.

Game seed: 4027723936482359586

3435745 jt the Skinwalker (level 27, 161/161 HPs)
             Began as a Vine Stalker Shapeshifter on Sept 8, 2023.
             Was the Champion of Dithmenos.
             Escaped with the Orb
             ... and 5 runes on Sept 9, 2023!
             The game lasted 04:39:31 (63355 turns).

jt the Skinwalker (Vine Stalker Shapeshifter)      Turns: 63355, Time: 04:39:32

Health: 161/161    AC: 51    Str: 33      XL:     27
Magic:  44/44      EV:  9    Int: 15 (16) God:    Dithmenos [******]
Gold:   5091       SH: 28    Dex: 12 (15) Spells: 26/26 levels left

rFire   + +          +
                       - Unarmed
rCold   + + .        f - +1 tower shield {rC+ rF+}
rNeg    + + +        v - +12 gold dragon scales rPois โˆž
                     i - +2 helmet
rElec   +            K - +4 dragonskin cloak
rCorr   +            W - +2 pair of gloves
SInv    +            Y - +2 pair of boots of the Spider Nest {rPois rCorr Stlth-}
Will    +++++        H - amulet of Uskayaw, Usurping {Reflect rElec rF+ Regen+ Int+3 SH+5} Stlth
                     c - ring of Soregheqyaf {Will+ rCorr Int+3 SInv}
HPRegen 2.06/turn    G - ring of Peceanant {rPois rN+ MP+9 Str+3}
MPRegen 0.29/turn

%: reflection, guardian spirit
@: death-form, wreathed by umbra, studying 7 skills
A: vile attack, torment immunity, no potions, fangs 3, regeneration 1, magic
shield, antimagic bite, no potion heal 2, (berserk 1), deterioration 2, shaggy
fur 1, evolution 1, cold vulnerability 1, MP-powered wands
0: Orb of Zot
}: 5/15 runes: decaying, slimy, silver, abyssal, gossamer
a: Siphon Essence, Begin Untransformation, Renounce Religion, Shadow Step,
Shadow Form


You escaped.
You worshipped Dithmenos.
Dithmenos was exalted by your worship.
You were an undying horror.
You visited 12 branches of the dungeon, and saw 54 of its levels.
You visited the Abyss 1 time.
You visited 1 ziggurat, and saw 11 of its levels.
You also visited: Trove, Bailey and Ice Cave.

You collected 9074 gold pieces.
You spent 3983 gold pieces at shops.

Inventory:

Missiles
 F - 5 throwing nets
 O - 12 curare-tipped darts (quivered)
Armour
 f - a +1 tower shield of resistance (worn)
 i - a +2 helmet (worn)
 v - +12 gold dragon scales (worn)
 K - the +4 dragonskin cloak (worn)
   (You took it off Tiamat on level 4 of the Realm of Zot)

   Avatar's Aegis: It grants the wearer a chance to resist fire, cold, poison,
   electricity, acid, and negative energy.
 W - a +2 pair of gloves (worn)
 Y - the +2 pair of boots of the Spider Nest (worn) {rPois rCorr Stlth-}
   (You found it on level 3 of the Depths)

   rPois:     It protects you from poison rCorr: It protects you from acid and
   corrosion.
   Stlth-:    It makes you less stealthy.
Jewellery
 c - the ring of Soregheqyaf (left hand) {Will+ rCorr Int+3 SInv}
   (You acquired it on level 13 of the Dungeon)

   [ring of willpower]

   Int+3:     It affects your intelligence (+3).
   Will+:     It increases your willpower.
   SInv:      It lets you see invisible.
   rCorr:     It protects you from acid and corrosion.
 y - a ring of protection from cold
 G - the ring of Peceanant (right hand) {rPois rN+ MP+9 Str+3}
   (You found it on level 9 of a ziggurat)

   [ring of magical power]

   Str+3:     It affects your strength (+3).
   rPois:     It protects you from poison rN+: It protects you from negative
   energy.
   MP+9:      It affects your magic capacity (+9).
 H - the amulet of Uskayaw, Usurping (around neck) {Reflect rElec rF+ Regen+ Int+3 SH+5}
   (You acquired it on level 5 of the Lair of Beasts)

   [amulet of reflection]

   Reflect:   It reflects blocked missile attacks.
   Int+3:     It affects your intelligence (+3).
   rF+:       It protects you from fire.
   rElec:     It insulates you from electricity.
   Regen+:    It increases your rate of health regeneration.
   SH+5:      It affects your SH (+5).
 L - the ring of Hyos {Will+ rCorr Str+6}
   (You bought it in a shop on level 1 of the Elven Halls)

   [ring of strength]

   Str+6:     It affects your strength (+6).
   Will+:     It increases your willpower.
   rCorr:     It protects you from acid and corrosion.
 R - the ring "Plog" {Fly rElec}
   (You found it on level 5 of the Vaults)

   [ring of flight]

   rElec:     It insulates you from electricity.
   Fly:       It grants you flight.
Talismans
 d - a talisman of death (active)
 h - a storm talisman
Wands
 g - a wand of polymorph (31)
 r - a wand of digging (15)
 B - a wand of charming (52)
 E - a wand of flame (97)
 M - a wand of light (9)
 V - a wand of iceblast (37)
Scrolls
 a - 17 scrolls of teleportation
 j - 3 scrolls of torment
 k - 15 scrolls of immolation
 l - 9 scrolls of revelation
 m - 14 scrolls of fog
 o - 11 scrolls of poison
 w - 2 scrolls of fear
 A - 17 scrolls of vulnerability
 U - 2 scrolls of silence
Potions
 n - 8 potions of ambrosia
 s - 2 potions of berserk rage
 x - 6 potions of cancellation
 z - 21 potions of curing
 C - 4 potions of enlightenment
 D - 2 potions of haste
 I - 2 potions of invisibility
 P - 6 potions of magic
 Q - 4 potions of might
 S - a potion of lignification
 X - 6 potions of resistance
 Z - 5 potions of mutation
Miscellaneous
 e - a condenser vane (inert)
 p - a phial of floods
 q - a phantom mirror
 t - a lightning rod (4/4)
 J - the horn of Geryon (inert)
 N - a sack of spiders


   Skills:
 + Level 21.7 Fighting
 - Level 4.0 Ranged Weapons
 - Level 7.0 Throwing
 + Level 17.1 Armour
 + Level 8.3 Dodging
 - Level 2.0 Stealth
 + Level 22.0 Shields
 + Level 22.5 Unarmed Combat
 - Level 15.0 Invocations
 - Level 10.0 Evocations
 + Level 24.2 Shapeshifting


You had 26 spell levels left.
You didn't know any spells.
Your spell library contained the following spells:

 Spells                   Type           Power      Damage    Failure   Level
 Apportation              Tloc           0%         N/A       98%         1
 Foxfire                  Conj/Fire      0%         2x1d4     98%         1
 Kiss of Death            Conj/Necr      0%         2d5       98%         1
 Magic Dart               Conj           0%         1d3       98%         1
 Necrotise                Necr           0%         1d4       98%         1
 Sandblast                Erth           0%         2d4       98%         1
 Shock                    Conj/Air       0%         1d3       98%         1
 Sting                    Tmut/Pois      0%         1d3       98%         1
 Summon Small Mammal      Summ           0%         N/A       98%         1
 Blink                    Tloc           0%         N/A       99%         2
 Call Imp                 Summ           0%         N/A       99%         2
 Cigotuvi's Dreadful Rot  Necr/Pois/Air  0%         N/A       99%         2
 Ensorcelled Hibernation  Hex/Ice        0%         N/A       99%         2
 Jinxbite                 Hex            0%         N/A       99%         2
 Lesser Beckoning         Tloc           0%         N/A       99%         2
 Momentum Strike          Conj/Tloc      0%         3d8       99%         2
 Passwall                 Tmut/Erth      0%         N/A       99%         2
 Poisonous Vapours        Pois/Air       0%         N/A       99%         2
 Scorch                   Fire           0%         2d5       99%         2
 Searing Ray              Conj           0%         2d4       99%         2
 Sublimation of Blood     Necr           0%         N/A       99%         2
 Wereblood                Tmut           0%         N/A       99%         2
 Call Canine Familiar     Summ           0%         N/A       100%        3
 Dazzling Flash           Conj/Hex       0%         N/A       100%        3
 Frozen Ramparts          Ice            0%         1d1       100%        3
 Gell's Gravitas          Tloc           0%         N/A       100%        3
 Hailstorm                Conj/Ice       0%         3d3       100%        3
 Ignite Poison            Fire/Tmut/Pois 0%         N/A       100%        3
 Inner Flame              Hex/Fire       0%         N/A       100%        3
 Mephitic Cloud           Conj/Pois/Air  0%         N/A       100%        3
 Ozocubu's Armour         Ice            0%         N/A       100%        3
 Sigil of Binding         Hex            0%         N/A       100%        3
 Stone Arrow              Conj/Erth      0%         3d7       100%        3
 Swiftness                Air            0%         N/A       100%        3
 Tukima's Dance           Hex            0%         N/A       100%        3
 Vampiric Draining        Necr           0%         2d6       100%        3
 Volatile Blastmotes      Fire/Tloc      0%         2d10      100%        3
 Airstrike                Air            0%         2d(0-16)  100%        4
 Anguish                  Hex/Necr       0%         N/A       100%        4
 Animate Armour           Summ/Erth      0%         N/A       100%        4
 Animate Dead             Necr           0%         N/A       100%        4
 Cause Fear               Hex            0%         N/A       100%        4
 Dimensional Bullseye     Hex/Tloc       0%         N/A       100%        4
 Flame Wave               Conj/Fire      0%         2d4       100%        4
 Fulminant Prism          Conj/Hex       0%         3d5       100%        4
 Iskenderun's Mystic Bla  Conj/Tloc      0%         2d3       100%        4
 Leda's Liquefaction      Hex/Erth       0%         N/A       100%        4
 Olgreb's Toxic Radiance  Pois           0%         N/A       100%        4
 Passage of Golubria      Tloc           0%         N/A       100%        4
 Petrify                  Tmut/Erth      0%         N/A       100%        4
 Sticky Flame             Conj/Fire      0%         2d3       100%        4
 Summon Ice Beast         Ice/Summ       0%         N/A       100%        4
 Summon Lightning Spire   Summ/Air       0%         N/A       100%        4
 Vhi's Electric Charge    Tloc/Air       0%         N/A       100%        4
 Agony                    Necr           0%         N/A       100%        5
 Alistair's Intoxication  Tmut/Pois      0%         N/A       100%        5
 Arcjolt                  Conj/Air       0%         1d10      100%        5
 Borgnjor's Vile Clutch   Necr/Erth      0%         N/A       100%        5
 Fireball                 Conj/Fire      0%         3d3       100%        5
 Freezing Cloud           Conj/Ice/Air   0%         6-21      100%        5
 Irradiate                Conj/Tmut      0%         3d11      100%        5
 Lee's Rapid Deconstruct  Erth           0%         3d4*      100%        5
 Metabolic Englaciation   Hex/Ice        0%         N/A       100%        5
 Silence                  Hex/Air        0%         N/A       100%        5
 Summon Mana Viper        Hex/Summ       0%         N/A       100%        5
 Yara's Violent Unravell  Hex/Tmut       0%         3d3       100%        5
 Death Channel            Necr           0%         N/A       100%        6
 Plasma Beam              Fire/Air       0%         2x1d10    100%        6
 Simulacrum               Ice/Necr       0%         N/A       100%        6
 Starburst                Conj/Fire      0%         6d3       100%        6
 Summon Cactus Giant      Summ           0%         N/A       100%        6
 Enfeeble                 Hex            0%         N/A       100%        7
 Malign Gateway           Summ/Tloc      0%         N/A       100%        7
 Monstrous Menagerie      Summ           0%         N/A       100%        7
 Ozocubu's Refrigeration  Ice            0%         4d7       100%        7
 Spellforged Servitor     Conj/Summ      0%         N/A       100%        7
 Discord                  Hex            0%         N/A       100%        8
 Ignition                 Fire           0%         3d3       100%        8
 Lehudib's Crystal Spear  Conj/Erth      0%         10d2      100%        8
 Maxwell's Capacitive Co  Air            0%         โˆž       100%        8
 Summon Horrible Things   Summ           0%         N/A       100%        8
 Chain Lightning          Conj/Air       0%         N/A       100%        9
 Death's Door             Necr           0%         N/A       100%        9
 Dragon's Call            Summ           0%         N/A       100%        9
 Fire Storm               Conj/Fire      0%         5d1       100%        9
 Polar Vortex             Ice            0%         N/A       100%        9
 Shatter                  Erth           0%         3d5*      100%        9


Dungeon Overview and Level Annotations

Branches:
Dungeon (15/15)            Temple (1/1) D:7            Lair (5/5) D:10
  Swamp (4/4) Lair:3       Spider (4/4) Lair:2        Slime (5/5) Lair:5
    Orc (2/2) D:9             Elf (3/3) Orc:2        Vaults (5/5) D:14
  Crypt (0/3) Vaults:3     Depths (4/4) D:15           Hell (visited)
    Dis (0/7) Hell            Geh (0/7) Hell            Coc (0/7) Hell
    Tar (0/7) Hell            Zot (5/5) Depths:4     Bailey (visited)
  IceCv (visited)

Altars:
Ashenzari
Cheibriados
Dithmenos
Elyvilon
Fedhas
Gozag
Hepliaklqana
Kikubaaqudgha
Makhleb
Nemelex Xobeh
Okawaru
Qazlal
Ru
Sif Muna
Trog
Uskayaw
Vehumet
Wu Jian
Xom
Yredelemnul
Zin
The Shining One
Jiyva

Shops:
D:8 ?(   D:11 =   D:14 [   Orc:2 (*!!   Elf:1 :==(   Elf:3 *   Vaults:4 :
Zot:5 *   Depths:3 [   Depths:4 (!(

Portals:
Hell: Depths:1 Depths:2 Depths:3 Depths:4
Abyss: Depths:1 Depths:3 Depths:4
Pandemonium: Depths:2

Annotations:
Elf:2 3 runed translucent doors


Innate Abilities, Weirdness & Mutations

You are an undying horror.
Your melee and unarmed attacks drain, slow and weaken victims.
You are immune to unholy pain and torment.
You cannot drink.
You are immune to poison.
You have razor-sharp teeth.
Your natural rate of healing is unusually fast.
When hurt, damage is shared between your health and your magic reserves.
Your bite disrupts and absorbs the magic of your enemies.
Potions cannot restore your health.
((You sometimes lose your temper in combat.))
Your body often deteriorates upon taking damage.
You are covered in fur. (AC +1)
You have hidden genetic potential.
You are vulnerable to cold. (rC-)
You expend magic power (3 MP) to strengthen your wands.


Message History

You see here a +0 whip.
There is a stone staircase leading up here.
You climb upwards.
There is a stone staircase leading down here.
You see here a +0 short sword.
You see here a +0 leather armour.
There is an escape hatch in the ceiling here.
There is a stone staircase leading up here.
You climb upwards.
There is a stone staircase leading down here.
There is a stone staircase leading up here.
You climb upwards.
There is a stone staircase leading down here.
You see here a ball python skeleton.
There is an escape hatch in the ceiling here.
A mysterious force pulls you upwards. The hatch slams shut behind you.
An Executioner comes into view.
You barely miss the Executioner. Your bite misses the Executioner.
You pummel the Executioner!!
The Executioner decays.
Your bite misses the Executioner.
The Executioner is moderately wounded.
Your shadow completely misses the Executioner.
You pummel the Executioner!!
The Executioner decays.
Your bite misses the Executioner.
The Executioner is severely wounded.
Your shadow hits the Executioner! You block the Executioner's attack.
The Executioner hits you but does no damage.
You block the Executioner's attack.
You hit the Executioner.
The Executioner decays.
You bite the Executioner!
You kill the Executioner!
Dithmenos accepts your kill.
Your Shields skill increases to level 22!
The jackal barks!
Press: ? - help, v - describe, . - travel A translucent stone wall.
This square is wreathed by an umbra and is covered in magical glow.
Blink to where?
Press: ? - help, Dir - move target
As you read the scroll of blinking, it crumbles to dust.
You have escaped!

########### ###........z#
#...ยง##########
#.............###
#...............#
#.8..#######..8.#
#....#shwSh#....#
#.8..#######..8.#
#...............#########
###.8)......8.####......#


There were no monsters in sight!

Vanquished Creatures
  the Royal Jelly (Slime:5)
  5 dread liches
  3 ancient liches
  The ghost of Pongem the Conqueror, a legendary MiAK of Lugonu (Zot:5)
  Tiamat (Zot:4)
  7 orbs of fire
  A juggernaut (Depths:2)
  A pandemonium lord (Depths:3)
  Sojobo (Vaults:5)
  the Lernaean hydra (Swamp:4)
  5 Killer Klowns
  2 caustic shrikes (Depths:2)
  Bai Suzhen (Swamp:4)
  Geryon (Hell)
  11 golden dragons
  2 curse toes
  Norris (Elf:1)
  the Enchantress (Depths:4)
  A profane servitor (Abyss:3)
  3 pearl dragons (Zig:8)
  3 bone dragons
  7 doom hounds
  3 electric golems
  A hellephant (D:6)
  19 tentacled monstrosities
  A Hell Sentinel (Zig:3)
  Jorgrun (Swamp:3)
  4 liches
  25 Orb Guardians
  9 titans
  A deep elf master archer (Elf:3)
  Grunn (Zot:3)
  4 searing wretches
  2 walking divine tomes (Depths:2)
  2 sphinxes
  18 acid blobs
  7 quicksilver dragons
  2 Executioners
  4 deep elf blademasters
  3 death cobs
  The ghost of Ricegish the Blocker, an adept GnFi of Okawaru (Swamp:1)
  A thorn hunter (Swamp:1)
  Kirke (Swamp:1)
  Roxanne (Spider:4)
  4 rockslimes
  21 shadow dragons
  5 draconian monks
  A revenant (Zig:11)
  15 storm dragons
  13 tengu reavers
  5 fire giants
  A daeva (Zig:8)
  10 azure jellies (Slime:5)
  8 draconian scorchers
  6 emperor scorpions
  2 narguns (Zig:4)
  2 fenstrider witches
  8 iron dragons
  9 draconian knights
  The ghost of Rethriojy the Scorcher, an adept GrEE of Vehumet (Spider:2)
  14 frost giants
  An angel (Zig:8)
  2 balrugs
  13 draconian shifters
  Louise (Depths:1)
  16 deep elf sorcerers
  4 spectral caustic shrikes (Depths:4)
  2 deep elf elementalists (Elf:3)
  16 vault wardens
  2 cacodemons
  8 ghost moths
  2 orc warlords
  25 ironbound preservers
  7 formless jellyfish
  2 broodmothers
  9 war gargoyles
  A caustic shrike skeleton (Hell)
  An ophan (Zig:8)
  6 draconian stormcallers
  4 reapers
  6 quicksilver oozes
  8 draconian annihilators
  10 ironbound thunderhulks
  23 stone giants
  25 very ugly things
  A formless jellyfish (shapeshifter) (Vaults:5)
  An apis (Zig:8)
  15 green draconians
  5 spriggan defenders
  6 deep elf annihilators
  3 putrid mouths (Depths:2)
  5 vampire knights
  14 black draconians
  A demonspawn black sun (Zig:11)
  6 deep elf demonologists (Elf:3)
  18 red draconians
  6 dire elephants
  5 spark wasps
  7 purple draconians
  12 white draconians
  A lorocyproca (Hell)
  7 eleionomae
  6 bunyips
  15 yellow draconians
  13 ettins
  An ettin (shapeshifter) (Vaults:2)
  5 eidola (Zig:11)
  A blizzard demon (Zig:4)
  3 crystal guardians (Elf:3)
  6 deep elf death magi
  9 deep elf high priests
  12 fire dragons
  3 shambling mangroves
  4 entropy weavers
  Josephine (Swamp:1)
  An entropy weaver (shapeshifter) (D:14)
  8 spriggan air magi
  17 yaktaur captains
  25 hydras
  4 ghost crabs
  8 rakshasas
  The ghost of corvin the Basher, a journeyman DgWn (D:12)
  4 great orbs of eyes
  31 vault guards
  A caustic shrike simulacrum (IceCv)
  3 radroaches
  3 ogre magi
  A peacekeeper (Vaults:3)
  11 ice dragons
  10 ironbound frosthearts
  8 alligators
  An anaconda (Lair:5)
  2 catoblepae (Lair:5)
  2 jorogumos (Spider:1)
  2 anacondas (shapeshifter)
  2 stokers (Depths:1)
  16 boulder beetles
  2 spriggan skeletons (Hell)
  22 centaur warriors
  17 dancing weapons
  10 deep troll shamans
  A satyr (Abyss:3)
  4 tengu warriors
  The ghost of makewrite the Spear-Bearer, a novice MiMo of Makhleb (D:8)
  3 two-headed ogres
  The ghost of JaaP the Cleaver, a novice HOCA of Ignis (Lair:1)
  8 death yaks (Lair:5)
  9 demonic crawlers
  4 deep troll earth magi
  A two-headed ogre (shapeshifter) (D:12)
  The ghost of gruber the Devastator, a journeyman DECj of Vehumet (D:11)
  2 vampire magi
  5 spriggan berserkers
  9 hell knights
  10 hell hogs
  5 orc high priests
  5 sun demons
  A salamander mystic (Depths:3)
  6 soul eaters
  7 skysharks
  Sonja (Orc:1)
  14 deep elf knights
  4 wretched stars
  The ghost of Sapher the Covert, a novice TeDe of Wu Jian (D:11)
  A crystal echidna (Zig:3)
  8 pharaoh ants
  2 sun moths
  3 goliath frogs
  3 spectral ghost moths (Spider:2)
  3 cherubim (Zig:8)
  A goliath frog (shapeshifter) (Zig:10)
  58 deep trolls
  3 sixfirhies
  A shadow wraith (Abyss:3)
  6 skeletal warriors
  11 orb spiders
  A death drake (Swamp:3)
  5 iron trolls
  7 glowing orange brains
  3 flayed ghosts
  A glowing orange brain (shapeshifter) (Vaults:1)
  16 ironbound convokers
  A spectral jorogumo (Spider:2)
  13 large abominations
  5 wizards
  An anaconda skeleton (Hell)
  A bog body (Swamp:2)
  5 spriggan druids
  A swamp dragon (shapeshifter) (Vaults:5)
  2 orb spiders (shapeshifter)
  4 obsidian statues
  A harpy (Vaults:3)
  2 orange crystal statues
  An alligator zombie (Hell)
  16 orc knights
  39 deep elf zephyrmancers
  11 swamp dragons
  13 deep elf archers
  29 wolf spiders
  8 phantasmal warriors
  5 steelbarb worms
  10 lindwurms
  9 orc sorcerers
  A shadow dragon zombie (Hell)
  5 necromancers
  A shadow dragon skeleton (Depths:1)
  A wolf spider (shapeshifter) (Vaults:5)
  25 deep elf pyromancers
  39 ugly things
  6 manticores
  14 cyclopes
  4 will-o-the-wisps
  A faun (shapeshifter) (D:15)
  A shining eye (shapeshifter) (Zig:6)
  A cyclops (shapeshifter) (Vaults:1)
  3 salamanders (Depths:3)
  30 moths of wrath
  26 elephants
  An elephant (shapeshifter) (Vaults:1)
  3 eyes of devastation
  4 worldbinders
  13 vault sentinels
  6 black mambas
  An eye of devastation (shapeshifter) (Depths:2)
  A gargoyle (D:12)
  6 rust devils
  A fire giant skeleton (Depths:1)
  4 smoke demons
  11 cane toads
  4 torpor snails
  2 orange demons (Hell)
  A hellion (Depths:2)
  An unseen horror (shapeshifter) (D:15)
  A black mamba (shapeshifter) (Vaults:5)
  8 komodo dragons
  6 rime drakes
  2 unseen horrors
  A naga skeleton (Hell)
  A cane toad (shapeshifter) (Zig:10)
  A kobold demonologist (D:8)
  A tormentor (Depths:2)
  A sea snake zombie (Hell)
  4 efreet
  39 yaktaurs
  9 ice devils
  A komodo dragon (shapeshifter) (D:15)
  3 ghost moth simulacra (Spider:2)
  A spark wasp simulacrum (Spider:2)
  3 tengu conjurers
  5 freezing wraiths
  A yaktaur (shapeshifter) (Zig:10)
  A polar bear (shapeshifter) (Elf:1)
  A merfolk (shapeshifter) (Depths:4)
  15 tyrant leeches
  14 polar bears
  2 hydra zombies (Hell)
  4 meliai
  2 red devils (Depths:2)
  12 trolls
  33 tarantellas
  A hydra skeleton (Hell)
  2 jorogumo simulacra (Spider:2)
  A wind drake (shapeshifter) (D:15)
  An alligator simulacrum (Hell)
  30 hornets
  A tarantella (shapeshifter) (D:14)
  3 dream sheep (Lair:5)
  A spriggan zombie (Depths:1)
  21 blink frogs
  A slime creature (shapeshifter) (D:15)
  A raiju (Abyss:3)
  A flying skull (Vaults:3)
  2 centaur simulacra
  82 slime creatures
  5 air elementals
  19 culicivoras
  28 jumping spiders
  8 wraiths
  52 yaks
  3 shadows
  2 vampires
  21 spriggans
  5 water elementals
  A black mamba zombie (Hell)
  A dire elephant simulacrum (IceCv)
  4 basilisks
  6 small abominations
  8 wyverns
  2 fire elementals (Elf:1)
  3 chaos spawn
  2 hogs (Swamp:1)
  4 golden eyes (Slime:3)
  2 redbacks (shapeshifter)
  A human (shapeshifter) (D:15)
  69 redbacks
  14 vampire mosquitoes
  A steam dragon (D:8)
  11 wargs
  A naga zombie (Hell)
  13 swamp worms
  A glowing shapeshifter zombie (Depths:1)
  21 hell hounds
  A harpy simulacrum (IceCv)
  11 water moccasins
  4 acid dragons
  2 floating eyes (Depths:3)
  2 hydra simulacra
  14 swamp drakes
  A floating eye (shapeshifter) (Vaults:5)
  53 orc warriors
  An ice beast (shapeshifter) (Depths:3)
  2 ice beasts
  A black bear (shapeshifter) (D:14)
  12 black bears
  A boggart (D:15)
  An ettin simulacrum (IceCv)
  A black mamba simulacrum (Hell)
  29 wolves
  12 ogres
  5 centaurs
  2 phantoms
  2 kobold brigands
  19 bullfrogs
  2 earth elementals
  2 gnoll sergeants
  2 scorpions
  3 wights (D:10)
  3 lindwurm simulacra (IceCv)
  5 killer bees (D:11)
  5 electric eels
  5 quasits
  35 orc priests
  4 gnoll boudas
  13 hounds
  An iron imp (Abyss:3)
  A sleepcap (D:6)
  3 iguanas
  14 orc wizards
  17 hell rats
  29 gnolls
  2 adders (D:2)
  A river rat (shapeshifter) (Elf:2)
  2 shadow imps (D:6)
  6 white imps
  11 ufetubi
  A worm (D:10)
  4 dart slugs
  83 orcs
  10 endoplasms
  7 goblins
  A goblin (shapeshifter) (D:15)
  12 hobgoblins (D:1)
  8 jackals
  14 kobolds
  4 quokkas
  5 ball pythons
  A bat (D:1)
  A frilled lizard (D:1)
  A rat (shapeshifter) (Depths:2)
  4 rats
2650 creatures vanquished.

Vanquished Creatures (collateral kills)
  An orb of fire (Zot:5)
  Parghit (Depths:4)
  Mlioglotl (Spider:2)
  A tengu reaver (Vaults:3)
  An orc warlord (Orc:2)
  An eidolon (Zig:11)
  A fire dragon (shapeshifter) (Depths:4)
  A hydra (Lair:3)
  A centaur warrior (Vaults:3)
  A deep troll shaman (Depths:1)
  A crystal echidna (Zig:3)
  A deep troll (D:15)
  2 moths of wrath
  A moth of wrath (shapeshifter) (D:15)
  A slime creature (Vaults:3)
  An orc warrior (Bailey)
  A kobold brigand (D:7)
  A bullfrog (Lair:3)
  2 orc priests (Orc:2)
  An orc wizard (Orc:1)
  2 gnolls (D:7)
  6 orcs
  2 kobolds (D:7)
32 creatures vanquished.

Vanquished Creatures (others)
  2 death cobs
  A draconian knight (Zot:3)
  A ghost moth (Spider:4)
  A hydra (Swamp:4)
  A thrashing horror (Abyss:3)
  A soul eater (Hell)
  A deep elf knight (Elf:3)
  2 deep elf pyromancers
  A will-o-the-wisp (Swamp:4)
  3 deep elf zephyrmancers
  A cane toad (Lair:1)
  A bloated husk (Swamp:4)
  An air elemental (Elf:1)
  A naga (shapeshifter) (Depths:3)
  A hell hound (Hell)
  A swamp drake (Swamp:3)
  An ogre (Orc:1)
  An electric eel (D:8)
  A hell rat (Lair:5)
  An orc (Orc:1)
  16 foxfires
  4 starspawn tentacles (Abyss:3)
44 creatures vanquished.

Grand Total: 2726 creatures vanquished

Notes
Turn   | Place    | Note
-------+----------+-------------------------------------------
     0 | D:1      | jt the Vine Stalker Shapeshifter began the quest for the
                  | Orb.
     0 | D:1      | Reached XP level 1. HP: 9/9 MP: 2/2
     7 | D:1      | Noticed a redback
     7 | D:1      | Noticed a black bear
     7 | D:1      | Noticed a water moccasin
    10 | D:1      | Reached skill level 1 in Stealth
   102 | D:1      | Reached skill level 1 in Fighting
   102 | D:1      | Reached XP level 2. HP: 14/14 MP: 3/3
   249 | D:1      | Reached XP level 3. HP: 18/18 MP: 4/4
   272 | D:1      | Found a faded altar of an unknown god.
   280 | D:1      | Prayed at the altar of an unknown god.
   280 | D:1      | Became a worshipper of Dithmenos the Shadowed
   280 | D:1      | Reached * piety under Dithmenos
   676 | D:2      | Reached XP level 4. HP: 23/23 MP: 5/5
  1104 | D:3      | Reached ** piety under Dithmenos
  1937 | D:5      | Entered Level 5 of the Dungeon
  1948 | D:5      | Found the +4 robe of Folly {Brill Will-โˆž Int+8}
  1956 | D:5      | Reached skill level 1 in Armour
  1996 | D:5      | Found a shimmering altar of Xom.
  2031 | D:5      | Reached XP level 5. HP: 24/27 MP: 6/6
  2211 | D:3      | Reached skill level 4 in Shapeshifting
  2224 | D:2      | Reached XP level 6. HP: 26/32 MP: 5/7
  2479 | D:5      | Noticed a yak
  2479 | D:5      | Noticed a yak
  2479 | D:5      | Noticed a yak
  2479 | D:5      | Noticed a yak
  2479 | D:5      | Noticed a yak
  2503 | D:4      | Killed a yak
  2529 | D:5      | Noticed a yak
  2567 | D:4      | Killed a yak
  2568 | D:4      | Reached XP level 7. HP: 18/37 MP: 0/8
  2574 | D:4      | Killed a yak
  2575 | D:4      | Reached skill level 5 in Shapeshifting
  2786 | D:5      | Gained mutation: You have razor-sharp teeth. [Vine Stalker
                  | growth]
  2786 | D:5      | Reached XP level 8. HP: 36/42 MP: 7/9
  2875 | D:4      | Killed a yak
  2887 | D:4      | Killed a yak
  2888 | D:4      | Reached skill level 5 in Fighting
  2895 | D:4      | Killed a yak
  2896 | D:4      | Reached skill level 6 in Shapeshifting
  3339 | D:5      | Reached *** piety under Dithmenos
  3557 | D:6      | Reached XP level 9. HP: 49/49 MP: 10/10
  3678 | D:6      | Reached skill level 7 in Shapeshifting
  3757 | D:6      | Found a radiant altar of Vehumet.
  3759 | D:6      | Found a shimmering blue altar of Sif Muna.
  3762 | D:6      | Found a burning altar of Makhleb.
  3762 | D:6      | Found an iron altar of Okawaru.
  4317 | D:7      | Reached skill level 1 in Evocations
  4380 | D:7      | Reached **** piety under Dithmenos
  4436 | D:7      | Found a staircase to the Ecumenical Temple.
  4448 | Temple   | Entered the Ecumenical Temple
  4452 | D:7      | Found a flagged portal.
  4474 | Bailey   | Entered a bailey
  4715 | Bailey   | Reached skill level 8 in Shapeshifting
  4865 | Bailey   | Identified the +0 plate armour "Vipsucw" {Int+3 Stlth-}
  4882 | Bailey   | Reached skill level 5 in Unarmed Combat
  5055 | D:7      | Reached XP level 10. HP: 27/55 MP: 4/11
  5313 | D:8      | Found Xyadd's Weapon Shoppe.
  5458 | D:8      | Found The Oracle's Delphic Readings.
  5466 | D:8      | Bought a scroll of teleportation for 45 gold pieces
  5466 | D:8      | Bought a scroll of revelation for 112 gold pieces
  5530 | D:8      | Found a transporter.
  5537 | D:8      | Noticed makewrite's ghost (novice MiMo)
  5549 | D:8      | Found a transporter.
  5614 | D:8      | Noticed a kobold demonologist
  5617 | D:8      | Noticed a sixfirhy
  5755 | D:8      | Killed a kobold demonologist
  5851 | D:8      | Reached skill level 9 in Shapeshifting
  5883 | D:9      | Found a staircase to the Orcish Mines.
  6030 | D:9      | You fall into a shaft and drop 1 floor!
  6030 | D:10     | Entered Level 10 of the Dungeon
  6623 | Orc:1    | Entered Level 1 of the Orcish Mines
  6625 | Orc:1    | Noticed Sonja
  6627 | Orc:1    | Noticed an orc knight
  6649 | Orc:1    | Killed an orc knight
  7001 | D:10     | Found a snail-covered altar of Cheibriados.
  7052 | D:10     | Reached XP level 11. HP: 48/60 MP: 9/12
  7053 | D:10     | Reached ***** piety under Dithmenos
  7101 | D:10     | Reached skill level 10 in Shapeshifting
  7105 | D:10     | Found a staircase to the Lair.
  7212 | Lair:1   | Entered Level 1 of the Lair of Beasts
  7665 | Lair:1   | Noticed JaaP's ghost (novice HOCA)
  7668 | Lair:1   | Found a runed translucent door.
  7690 | Lair:1   | Noticed a boulder beetle
  7707 | Lair:1   | Killed a boulder beetle
  8092 | Lair:2   | Noticed a four-headed hydra
  8152 | Lair:1   | Killed JaaP's ghost
  8153 | Lair:1   | Reached skill level 11 in Shapeshifting
  8153 | Lair:1   | Reached XP level 12. HP: 54/67 MP: 13/13
  8223 | Lair:2   | Reached skill level 5 in Armour
  8441 | Lair:2   | Found a glowing golden altar of the Shining One.
  8975 | Lair:2   | Killed a four-headed hydra
  8996 | Lair:3   | Noticed a seven-headed hydra
  8998 | Lair:3   | Killed a seven-headed hydra
  9000 | Lair:3   | Noticed a five-headed hydra
  9013 | Lair:3   | Killed a five-headed hydra
  9080 | Lair:3   | Reached skill level 10 in Fighting
  9081 | Lair:3   | Reached skill level 10 in Unarmed Combat
  9594 | Lair:3   | Found a staircase to the Swamp.
  9979 | Lair:4   | Reached XP level 13. HP: 72/72 MP: 14/14
  9992 | Lair:4   | Reached skill level 12 in Shapeshifting
 10105 | Lair:4   | Reached ****** piety under Dithmenos
 10494 | Lair:4   | Noticed a fire dragon
 10505 | Lair:4   | Killed a fire dragon
 10965 | Lair:5   | Entered Level 5 of the Lair of Beasts
 11127 | Lair:4   | Reached skill level 1 in Invocations
 11320 | Lair:5   | Identified a scroll of acquirement
 11321 | Lair:5   | Acquired the amulet of Uskayaw, Usurping {Reflect rElec rF+
                  | Regen+ Int+3 SH+5}
 11885 | Lair:5   | Reached XP level 14. HP: 78/79 MP: 17/17
 12070 | Lair:5   | Reached skill level 13 in Shapeshifting
 12507 | Lair:5   | Found a viscous altar of Jiyva.
 12507 | Lair:5   | Found a staircase to the Slime Pits.
 12826 | Lair:5   | Identified the +0 robe of Resonance {rF+}
 13088 | D:8      | Killed makewrite's ghost
 13089 | D:8      | Reached XP level 15. HP: 85/85 MP: 18/18
 13553 | D:11     | Found Biompo's Jewellery Shoppe.
 13831 | D:11     | Found a runed translucent gate.
 13831 | D:11     | Found a runed translucent gate.
 13831 | D:11     | Found a runed translucent gate.
 13832 | D:11     | Noticed gruber's ghost (journeyman DECj)
 13832 | D:11     | Noticed Sapher's ghost (novice TeDe)
 14100 | D:11     | Killed Sapher's ghost
 14115 | D:11     | Killed gruber's ghost
 14472 | D:12     | Noticed corvin's ghost (journeyman DgWn)
 14472 | D:12     | Noticed a lich
 14542 | D:12     | Found a runed translucent door.
 14552 | D:12     | Noticed a fenstrider witch
 14558 | D:12     | a fenstrider witch changed into an iron troll
 14562 | D:12     | an alligator snapping turtle changed into a sphinx
 14562 | D:12     | Noticed a sphinx (glowing shapeshifter)
 14565 | D:12     | a sphinx changed into an iron dragon
 14565 | D:12     | Noticed an iron dragon (glowing shapeshifter)
 14566 | D:12     | an iron dragon changed into a golden dragon
 14566 | D:12     | Noticed a golden dragon (glowing shapeshifter)
 14569 | D:12     | a golden dragon changed into a stone giant
 14622 | D:12     | Found a runed translucent door.
 14963 | D:12     | an iron troll changed into a shadow dragon
 14963 | D:12     | Noticed a shadow dragon (glowing shapeshifter)
 14964 | D:12     | a shadow dragon changed into a frost giant
 14964 | D:12     | Noticed a frost giant (glowing shapeshifter)
 14968 | D:12     | a frost giant changed into a dire elephant
 15243 | Orc:1    | Killed Sonja
 15616 | Orc:2    | Entered Level 2 of the Orcish Mines
 16145 | Orc:2    | Found Totupu's Distillery.
 16165 | Orc:2    | Found Tirieshro's Distillery.
 16180 | Orc:2    | Reached skill level 14 in Shapeshifting
 16833 | Orc:2    | Found a staircase to the Elven Halls.
 16889 | Orc:2    | Noticed an orc warlord
 16932 | Orc:2    | Reached skill level 5 in Evocations
 16949 | Orc:2    | Reached skill level 10 in Armour
 16951 | Orc:2    | Killed an orc warlord
 17030 | Orc:2    | Found Jeava's Assorted Antiques.
 17156 | Orc:2    | Found Josyi's Antique Weapon Shop.
 17939 | Lair:2   | Found a hole to the Spider Nest.
 17967 | Spider:1 | Entered Level 1 of the Spider Nest
 18075 | Spider:1 | Reached XP level 16. HP: 91/91 MP: 19/19
 18724 | Spider:1 | Reached skill level 1 in Shields
 19856 | Spider:2 | Noticed Mlioglotl
 19864 | Spider:2 | Noticed a lich
 19900 | Spider:1 | Reached skill level 5 in Shields
 20127 | Swamp:1  | Entered Level 1 of the Swamp
 20132 | Swamp:1  | Noticed Josephine
 20169 | Swamp:1  | Killed Josephine
 20338 | Swamp:1  | Found a runed translucent gate.
 20338 | Swamp:1  | Found a runed translucent gate.
 20348 | Swamp:1  | Found a runed translucent gate.
 20349 | Swamp:1  | Noticed Ricegish's ghost (adept GnFi)
 20491 | Swamp:1  | Noticed a thorn hunter
 20502 | Swamp:1  | Killed a thorn hunter
 20813 | Swamp:1  | Noticed Kirke
 20824 | Swamp:1  | Killed Kirke
 21080 | Swamp:1  | Killed Ricegish's ghost
 21081 | Swamp:1  | Reached skill level 1 in Throwing
 21090 | Swamp:1  | Identified the +3 troll leather armour of the Alphagorgon
                  | {rF+ Regen+ Dex+3}
 21157 | Swamp:2  | Noticed a fenstrider witch
 21206 | Swamp:4  | Entered Level 4 of the Swamp
 21266 | Swamp:2  | Killed a fenstrider witch
 21332 | Swamp:2  | Reached XP level 17. HP: 65/96 MP: 20/20
 21904 | Swamp:3  | Identified the +0 chain mail of Kaemo {+Inv rC+ rN+}
 22315 | Swamp:3  | Noticed Jorgrun
 22331 | Swamp:3  | Killed Jorgrun
 22429 | Swamp:3  | Reached skill level 5 in Throwing
 22642 | Swamp:4  | Reached skill level 5 in Invocations
 22675 | Swamp:4  | Noticed Bai Suzhen
 22719 | Swamp:4  | Killed Bai Suzhen
 23005 | Spider:1 | Reached skill level 10 in Shields
 23452 | D:13     | Found a portal to a secret trove of treasure.
 23496 | D:13     | Found a broken altar of Ashenzari.
 23761 | D:13     | Found a runed translucent door.
 24500 | D:14     | Found a gate to the Vaults.
 24678 | D:14     | Found Hyloe's Antique Armour Shop.
 24917 | D:15     | Entered Level 15 of the Dungeon
 25014 | D:15     | Reached XP level 18. HP: 101/101 MP: 24/24
 25124 | D:15     | Found a hide-covered altar of Uskayaw.
 25338 | D:15     | Found a staircase to the Depths.
 25411 | D:15     | Found a sparkling altar of Nemelex Xobeh.
 25411 | D:15     | Found a basalt altar of Yredelemnul.
 26494 | D:15     | Reached skill level 5 in Dodging
 26654 | D:15     | Identified the +6 trident "Concordance" {venom, Stlth+}
 27025 | Elf:1    | Entered Level 1 of the Elven Halls
 27030 | Elf:1    | Paralysed by an air elemental for 1 turns
 27034 | Elf:1    | Paralysed by an air elemental for 1 turns
 27041 | Elf:1    | Paralysed by an air elemental for 1 turns
 27046 | Orc:2    | Paralysed by an air elemental for 1 turns
 27074 | Elf:1    | Paralysed by an air elemental for 1 turns
 27324 | Elf:1    | Reached XP level 19. HP: 77/105 MP: 27/27
 27342 | Elf:1    | Found Foemagh's Antique Weapon Shoppe.
 27393 | Elf:1    | Found Haileys's Book Shop.
 27394 | Elf:1    | Found Ujiz's Jewellery Emporium.
 27394 | Elf:1    | Found Kiput's Jewellery Emporium.
 27409 | Elf:1    | Bought a manual of Fighting for 880 gold pieces
 27431 | Elf:1    | Bought the ring of Hyos {Will+ rCorr Str+6} for 1084 gold
                  | pieces
 27549 | Elf:1    | Got the Dissertation on Impulse
 27626 | Elf:1    | Paralysed by an air elemental for 1 turns
 27652 | Elf:1    | Noticed Norris
 27680 | Elf:1    | Killed Norris
 27864 | Elf:1    | Found an ancient bone altar of Kikubaaqudgha.
 28262 | Swamp:4  | Noticed the 27-headed Lernaean hydra
 28284 | Swamp:4  | Killed the 27-headed Lernaean hydra
 28354 | Swamp:4  | Reached skill level 10 in Invocations
 28633 | Swamp:4  | Got a decaying rune of Zot
 29151 | Vaults:1 | Entered Level 1 of the Vaults
 29568 | Vaults:1 | Reached skill level 15 in Unarmed Combat
 29915 | Vaults:1 | Reached skill level 15 in Fighting
 30120 | Vaults:1 | Identified the +0 leather armour of the Imp {SInv}
 30191 | Vaults:1 | Reached XP level 20. HP: 113/113 MP: 27/29
 30817 | Spider:2 | Killed Mlioglotl
 31191 | Spider:2 | Identified the -2 robe of Polish {-Cast rC+ Str+5}
 31192 | Spider:2 | Identified the +2 robe of Focus {MP+9 Dex+5}
 31281 | Spider:2 | Found a runed translucent gate.
 31281 | Spider:2 | Found a runed translucent gate.
 31283 | Spider:2 | Found a runed translucent gate.
 31287 | Spider:2 | Noticed Rethriojy's ghost (adept GrEE)
 31367 | Spider:3 | Found a runed translucent door.
 31553 | Spider:3 | Found a frozen archway.
 31595 | IceCv    | Entered an ice cave
 31613 | IceCv    | Found a transporter.
 31628 | IceCv    | Found a transporter.
 32577 | Spider:2 | Killed Rethriojy's ghost
 32630 | Spider:2 | Identified the staff of Rotation {rN+ Int+3 Necro}
 32631 | Spider:2 | Identified the +0 helmet of Ravioli {*Slow rN+ SInv}
 32726 | Spider:4 | Entered Level 4 of the Spider Nest
 32963 | Spider:4 | Got the Grimoire of the Glacier and Creation
 33066 | Spider:4 | Noticed Roxanne
 33601 | Spider:4 | Reached skill level 15 in Shields
 33848 | Spider:4 | Reached XP level 21. HP: 95/119 MP: 27/30
 34010 | Spider:4 | Identified the +1 hat of the Guardian {rF+ rC- Will+
                  | Stlth+}
 34026 | Spider:4 | Got a gossamer rune of Zot
 34221 | Spider:4 | Killed Roxanne
 34621 | D:12     | Killed corvin's ghost
 34686 | D:12     | Identified the ring of the Living God {Dex+6 Slay+3}
 34927 | Depths:1 | Entered Level 1 of the Depths
 35132 | Depths:1 | Found a one-way gate to the infinite horrors of the Abyss.
 35132 | Depths:1 | Noticed Louise
 35154 | Depths:1 | Killed Louise
 36053 | Vaults:2 | Reached skill level 15 in Shapeshifting
 37015 | Vaults:3 | Reached XP level 22. HP: 87/127 MP: 31/31
 37360 | Vaults:3 | Found a staircase to the Crypt.
 37422 | Vaults:3 | Identified the ring "Hefrif" {AC+4 Int-2 Dex+3 Stlth+}
 38511 | Vaults:4 | Found Orrean's Book Shoppe.
 39647 | Elf:2    | Found a runed translucent gate.
 39647 | Elf:2    | Found a runed translucent gate.
 39649 | Elf:2    | Found a runed translucent gate.
 39959 | Elf:3    | Entered Level 3 of the Elven Halls
 40118 | Elf:3    | Found Asketsyju's General Store.
 40123 | Elf:3    | Found Xuxerumud's Book Emporium.
 40361 | Elf:3    | Paralysed by an air elemental for 1 turns
 40442 | Elf:3    | Reached skill level 16 in Shapeshifting
 40496 | Elf:3    | Reached XP level 23. HP: 124/133 MP: 6/32
 40894 | Elf:3    | Identified the +8 scimitar of Death {heavy, Will+}
 40894 | Elf:3    | Identified the amulet "Zibanutt" {Reflect Str+7 Int+2 SH+5}
 40930 | Elf:3    | Identified the ring of Honesty {Str+6 Dex+3}
 41174 | Elf:3    | Identified the +6 short sword of Dixzany {vamp, Int+2
                  | Dex+2}
 41249 | Elf:3    | Identified the ring of the Hippo {Fire Str+2}
 41282 | Elf:3    | Identified the +1 flail of Terra Cotta {freeze, rElec rC-
                  | Str+9 Dex-2}
 41282 | Elf:3    | Identified the amulet "Detal" {Acrobat rPois}
 41331 | Elf:3    | Identified the +11 great mace of Efaig {protect, rCorr}
 41356 | Elf:3    | Identified the +0 plate armour of Miab {rElec rPois rCorr}
 41402 | Elf:3    | Identified the +2 pair of gloves "Kubeirri" {Harm *Slow
                  | +Inv rPois}
 41963 | Depths:1 | Found a shimmering blue altar of Sif Muna.
 42030 | Depths:1 | Identified the +6 great sword of Domination {drain, rC+}
 42180 | Depths:1 | Found an ornate altar of the Wu Jian Council.
 42374 | Depths:1 | Found a gateway to Hell.
 42403 | Hell     | Entered the Vestibule of Hell
 42405 | Hell     | Noticed Geryon
 42518 | Depths:2 | Found a one-way gate leading to the halls of Pandemonium.
 43426 | Depths:2 | Identified the +4 war axe of Iciqaer {flame, rC+ Will+}
 43584 | Depths:2 | Noticed a caustic shrike
 43597 | Depths:2 | Killed a caustic shrike
 43807 | Depths:2 | Noticed a caustic shrike
 43815 | Depths:2 | Killed a caustic shrike
 43816 | Depths:2 | Reached XP level 24. HP: 132/139 MP: 33/33
 44083 | Depths:2 | Noticed a juggernaut
 44140 | Depths:2 | Killed a juggernaut
 44703 | Depths:1 | Voluntarily entered the Abyss.
 44761 | Abyss:2  | Found a corrupted altar of Lugonu.
 44839 | Abyss:2  | Found a corrupted altar of Lugonu.
 44864 | Abyss:3  | Found a corrupted altar of Lugonu.
 44884 | Abyss:3  | Found a corrupted altar of Lugonu.
 45192 | Abyss:3  | Got an abyssal rune of Zot
 45251 | Depths:1 | Escaped the Abyss
 45358 | D:13     | You showed the abyssal rune of Zot to enter a treasure
                  | trove
 45359 | Trove    | Entered a treasure trove
 45373 | Trove    | Got Sif Muna's Tractate on Hyperthermia and Bodies
 45424 | Trove    | Got Sif Muna's Quarto of Translocated Gusts
 45447 | D:13     | Acquired the ring of Soregheqyaf {Will+ rCorr Int+3 SInv}
 47259 | Hell     | Reached skill level 15 in Armour
 47311 | Hell     | Killed Geryon
 47617 | Depths:2 | Reached skill level 17 in Shapeshifting
 48207 | Depths:3 | Reached XP level 25. HP: 130/142 MP: 34/34
 48255 | Depths:3 | Identified the +2 pair of boots of the Spider Nest {rPois
                  | rCorr Stlth-}
 48560 | Depths:3 | Paralysed by a floating eye for 3 turns
 48579 | Depths:3 | Reached skill level 1 in Ranged Weapons
 49098 | Depths:3 | Identified the +3 robe "Lixan" {Slay+3 Stlth+}
 49131 | Depths:3 | Found Woavih's Antique Armour Boutique.
 49194 | Depths:4 | Entered Level 4 of the Depths
 49236 | Depths:4 | Found Ofaip's Weapon Boutique.
 49325 | Depths:4 | Found a gate to the Realm of Zot.
 49350 | Depths:4 | Reached skill level 10 in Evocations
 49594 | Depths:4 | Found a one-way gateway to a ziggurat.
 49626 | Depths:4 | Noticed the Enchantress
 49666 | Depths:4 | Killed the Enchantress
 49783 | Depths:4 | Found Idghemp's Distillery.
 49789 | Depths:4 | Found Moxtued's Antique Weapon Shoppe.
 50305 | Depths:4 | Noticed Parghit
 50320 | Depths:4 | Killed Parghit
 50527 | Hell     | Found a gateway to the decaying netherworld of Tartarus.
 50885 | Hell     | Found a gateway to the Iron City of Dis.
 50948 | Hell     | Found a gateway to the ashen valley of Gehenna.
 51030 | Hell     | Found a gateway to the freezing wastes of Cocytus.
 51343 | Vaults:5 | Entered Level 5 of the Vaults
 51386 | Vaults:5 | Noticed a dread lich
 51398 | Vaults:5 | Killed a dread lich
 51459 | Vaults:5 | Noticed Sojobo
 51479 | Vaults:5 | Killed Sojobo
 51587 | Vaults:5 | Identified the +3 great sword of Eternal Vigilance {holy,
                  | rF- Str+9 Stlth+}
 51639 | Vaults:5 | Identified the +5 dire flail of Demand {flame, Drain rElec
                  | rF+ Int+4}
 51648 | Vaults:5 | Got a silver rune of Zot
 51653 | Vaults:5 | Identified the staff of Tomorrow {rPois rC+ Stlth+ Poison}
 51812 | Vaults:5 | Identified the ring "Plog" {Fly rElec}
 51892 | Vaults:5 | Reached XP level 26. HP: 151/151 MP: 35/35
 51933 | Vaults:5 | Reached skill level 15 in Invocations
 52007 | Vaults:5 | Reached skill level 18 in Shapeshifting
 52813 | Vaults:5 | Noticed a dread lich
 52826 | Vaults:5 | Killed a dread lich
 52907 | Vaults:5 | Got the Folio of the Mausoleum
 52922 | Vaults:5 | Got the Tractate on Malevolent Ceremonies
 53507 | Zot:1    | Entered Level 1 of the Realm of Zot
 53643 | Zot:1    | Reached skill level 19 in Shapeshifting
 53828 | Zot:1    | Identified the +3 scale mail of Tauxalut {*Corrode Str+5}
 54037 | Zot:1    | Found a transporter.
 54199 | Zot:1    | Found a transporter.
 54212 | Zot:1    | Found a transporter.
 54231 | Zot:1    | You fall into a shaft and drop 1 floor!
 54686 | D:8      | Bought a scroll of blinking for 112 gold pieces
 54686 | D:8      | Bought a scroll of teleportation for 45 gold pieces
 55468 | Zig:1    | Entered Level 1 of a ziggurat
 55484 | Zig:2    | Entered Level 2 of a ziggurat
 55484 | Zig:2    | Noticed a Killer Klown
 55486 | Zig:2    | a Killer Klown changed into a titan
 55492 | Zig:2    | Reached skill level 20 in Shapeshifting
 55502 | Zig:3    | Entered Level 3 of a ziggurat
 55539 | Zig:4    | Entered Level 4 of a ziggurat
 55564 | Zig:4    | Reached XP level 27. HP: 127/156 MP: 35/35
 55566 | Zig:4    | Identified the staff "Etraz" {rF++ Conj}
 55579 | Zig:5    | Entered Level 5 of a ziggurat
 55626 | Zig:5    | Identified the +0 plate armour "Madam" {Fly}
 55635 | Zig:6    | Entered Level 6 of a ziggurat
 55681 | Zig:6    | Identified the +2 pair of boots of Patience {rPois rC- SInv
                  | Stlth-}
 55686 | Zig:6    | Identified the +0 kite shield "Edumikh" {Dex+3 Slay+2}
 55697 | Zig:6    | Identified the +4 battleaxe of Ziludem {flame, rElec rN+
                  | Str-3 Dex+2}
 55700 | Zig:7    | Entered Level 7 of a ziggurat
 55718 | Zig:7    | Reached skill level 21 in Shapeshifting
 55770 | Zig:7    | Identified the +1 trident "Jiyhitui" {protect, Stlth+}
 55772 | Zig:8    | Entered Level 8 of a ziggurat
 55944 | Zig:9    | Entered Level 9 of a ziggurat
 55956 | Zig:9    | Noticed an ancient lich
 55975 | Zig:9    | Killed an ancient lich
 56017 | Zig:9    | Identified the ring of Peceanant {rPois rN+ MP+9 Str+3}
 56056 | Zig:10   | Entered Level 10 of a ziggurat
 56057 | Zig:10   | Noticed a dread lich
 56058 | Zig:10   | Noticed a dread lich
 56071 | Zig:10   | Gained mutation: You occasionally lose the ability to read
                  | scrolls when taking damage. [a cacodemon]
 56098 | Zig:10   | Killed a dread lich
 56099 | Zig:10   | Reached skill level 22 in Shapeshifting
 56107 | Zig:10   | Killed a dread lich
 56189 | Zig:10   | Identified the +1 chain mail "Ahodgh" {rPois Stlth+}
 56197 | Zig:10   | Identified the +0 hand cannon of the Howling One {heavy,
                  | Stlth+}
 56200 | Zig:11   | Entered Level 11 of a ziggurat
 56321 | Zig:11   | Reached skill level 23 in Shapeshifting
 56326 | Zig:11   | Got the Opusculum on Vitiation and Arcane Weapons
 56680 | Elf:1    | Bought a talisman of death for 1705 gold pieces
 56947 | Slime:1  | Entered Level 1 of the Pits of Slime
 57283 | Slime:5  | Entered Level 5 of the Pits of Slime
 57389 | Slime:5  | Found the +8 Wrath of Trog {antimagic, *Rage Rampage}
 57433 | Slime:5  | Found a viscous altar of Jiyva.
 57444 | Slime:5  | Noticed the Royal Jelly
 57477 | Slime:5  | Killed the Royal Jelly
 57512 | Slime:5  | Got a slimy rune of Zot
 57529 | Slime:5  | Identified the ring of the Green God {Ice Will+}
 57574 | Slime:5  | Identified the +1 ring mail of the Monk {rElec rPois}
 57605 | Slime:5  | Got Sif Muna's Codex of Flame
 57606 | Slime:5  | Identified the +6 mace of the Teaching Ancients {vamp,
                  | Str+2}
 57671 | Slime:5  | Identified the +3 sling of the Dead {heavy, Dex+4 SInv}
 58415 | Zot:1    | Identified the +3 whip of Laceration {freeze, Stlth+}
 58526 | Zot:1    | Found a transporter.
 58692 | Zot:2    | Found a transporter.
 58810 | Zot:2    | Identified the ring of the Cuttlefish {Ice Dex+4}
 58843 | Zot:1    | Lost mutation: You occasionally lose the ability to read
                  | scrolls when taking damage. [potion of mutation]
 58843 | Zot:1    | Gained mutation: Your body sometimes deteriorates upon
                  | taking damage. [potion of mutation]
 58843 | Zot:1    | Gained mutation: Your flesh is cold resistant. (rC+)
                  | [potion of mutation]
 58843 | Zot:1    | Gained mutation: Your muscles are strong. (Str +4, Int/Dex
                  | -1) [potion of mutation]
 58844 | Zot:1    | Lost mutation: Your flesh is cold resistant. (rC+) [potion
                  | of mutation]
 58844 | Zot:1    | Lost mutation: Your muscles are strong. (Str +4, Int/Dex
                  | -1) [potion of mutation]
 58844 | Zot:1    | Gained mutation: You are dopey. (Int -2) [potion of
                  | mutation]
 58844 | Zot:1    | Gained mutation: You are covered in fur. (AC +1) [potion of
                  | mutation]
 58845 | Zot:1    | Lost mutation: You are dopey. (Int -2) [potion of mutation]
 58845 | Zot:1    | Lost mutation: Your body sometimes deteriorates upon taking
                  | damage. [potion of mutation]
 58845 | Zot:1    | Gained mutation: Armour fits poorly on your strangely
                  | shaped body. [potion of mutation]
 58845 | Zot:1    | Gained mutation: You are weak. (Str -2) [potion of
                  | mutation]
 58845 | Zot:1    | Gained mutation: You occasionally lose the ability to drink
                  | potions when taking damage. [potion of mutation]
 58845 | Zot:1    | Gained mutation: You are agile. (Dex +4, Str/Int -1)
                  | [potion of mutation]
 58846 | Zot:1    | Lost mutation: You are agile. (Dex +4, Str/Int -1) [potion
                  | of mutation]
 58846 | Zot:1    | Lost mutation: Armour fits poorly on your strangely shaped
                  | body. [potion of mutation]
 58846 | Zot:1    | Lost mutation: You are weak. (Str -2) [potion of mutation]
 58846 | Zot:1    | Gained mutation: You have hidden genetic potential. [potion
                  | of mutation]
 58846 | Zot:1    | Gained mutation: You are robust. (+10% HP) [potion of
                  | mutation]
 59809 | Zot:3    | Noticed Grunn
 59823 | Zot:3    | Killed Grunn
 60667 | Zot:4    | Found the +4 dragonskin cloak
 60667 | Zot:4    | Noticed Tiamat
 60698 | Zot:4    | Killed Tiamat
 61080 | Zot:5    | Entered Level 5 of the Realm of Zot
 61081 | Zot:5    | Noticed an ancient lich
 61278 | Zot:5    | Found a runed translucent gate.
 61278 | Zot:5    | Found a runed translucent gate.
 61278 | Zot:5    | Found a runed translucent gate.
 61280 | Zot:5    | Found an opulent altar of Gozag.
 61280 | Zot:5    | Found Ekoun's Assorted Antiques.
 61281 | Zot:5    | Noticed Pongem's ghost (legendary MiAK)
 61524 | Zot:5    | Killed Pongem's ghost
 61680 | Zot:5    | Noticed a dread lich
 61706 | Zot:5    | Killed a dread lich
 61709 | Zot:5    | Noticed an orb of fire
 61721 | Zot:5    | Gained mutation: You are dopey. (Int -2) [an orb of fire]
 61722 | Zot:5    | Killed an orb of fire
 61755 | Zot:5    | Noticed an orb of fire
 61764 | Zot:5    | Gained mutation: You are clumsy. (Dex -2) [an orb of fire]
 61766 | Zot:5    | Gained mutation: You sometimes lose your temper in combat.
                  | [an orb of fire]
 61770 | Zot:5    | Killed an orb of fire
 61771 | Zot:5    | Noticed an orb of fire
 61777 | Zot:5    | Noticed an orb of fire
 61777 | Zot:5    | Gained mutation: You occasionally lose the ability to read
                  | scrolls when taking damage. [an orb of fire]
 61778 | Zot:5    | Noticed an orb of fire
 61792 | Zot:5    | Noticed an ancient lich
 61796 | Zot:5    | Gained mutation: You are vulnerable to cold. (rC-) [an orb
                  | of fire]
 61797 | Zot:5    | Killed an orb of fire
 61797 | Zot:5    | Gained mutation: Your body sometimes deteriorates upon
                  | taking damage. [an orb of fire]
 61802 | Zot:5    | Killed an orb of fire
 61805 | Zot:5    | Noticed an orb of fire
 61962 | Zot:4    | Lost mutation: You are clumsy. (Dex -2) [potion of
                  | mutation]
 61962 | Zot:4    | Lost mutation: You occasionally lose the ability to drink
                  | potions when taking damage. [potion of mutation]
 61963 | Zot:4    | Lost mutation: You occasionally lose the ability to read
                  | scrolls when taking damage. [potion of mutation]
 61963 | Zot:4    | Lost mutation: You are robust. (+10% HP) [potion of
                  | mutation]
 61963 | Zot:4    | Lost mutation: You are dopey. (Int -2) [potion of mutation]
 61963 | Zot:4    | Gained mutation: Your body often deteriorates upon taking
                  | damage. [potion of mutation]
 61963 | Zot:4    | Gained mutation: You expend magic power (3 MP) to
                  | strengthen your wands. [potion of mutation]
 61992 | Zot:4    | Killed an orb of fire
 62075 | Zot:4    | Killed an orb of fire
 62076 | Zot:4    | Reached skill level 24 in Shapeshifting
 62094 | Zot:5    | Killed an ancient lich
 62099 | Zot:5    | Killed an ancient lich
 62190 | Zot:5    | Noticed an orb of fire
 62205 | Zot:5    | Killed an orb of fire
 62277 | Zot:5    | Noticed an orb of fire
 62297 | Zot:5    | Killed an orb of fire
 62803 | Zot:5    | Got the Orb of Zot
 62956 | Depths:4 | Noticed Pempuam the pandemonium lord
 62966 | Depths:3 | Killed Pempuam the pandemonium lord
 63355 | D:$      | Escaped with the Orb!

Illustrated notes

Levels and vault maps discovered:
D:1:      onia_arrival_zoo_common, layout_rooms,
          hellmonk_ecumenical_altar_prayer_group, minivault_14
D:2:      layout_rooms
D:3:      layout_loops_ring
D:4:      layout_basic
D:5:      layout_loops_cross, mainiacjoe_overflow_chevrons,
          minmay_misc_feat_chi, grunt_ministairs_8,
          hangedman_abyss_or_decor_jellyfish_corner
D:6:      layout_loops_ring, grunt_temple_overflow_open, serial_demonic,
          serial_demonic_b, serial_demonic_c, serial_demonic_c,
          serial_demonic_a, supply_closet_lemuel
D:7:      layout_rooms, minmay_temple_entry_crystal_x, enter_bailey_5,
          minmay_misc_feat_five, minmay_curled_crystal
D:8:      layout_rooms, gammafunk_ghost_arena, serial_shops,
          nicolae_take_the_stairs, serial_bayou, serial_bayou_lagoon_a,
          serial_bayou_pond_a, serial_bayou_pond_d, serial_bayou_pond_a,
          nicolae_nh_oracle_at_delphi
D:9:      layout_loops_ring, orc_0_dummy, columned_hall_lemuel
D:10:     layout_long_grid, cheibrodos_worm_habitat, erik_lair_island
D:11:     layout_irregular_city, serial_shops, nicolae_shop_tiny_waterfront,
          gammafunk_ghost_cemetery, dreamdust_princess_corridor
D:12:     layout_loops_ring, muffindrake_ghost_dual_entry
D:13:     cheibrodos_shockbox, layout_basic, enter_trove_5, ashenzari_altar_1
D:14:     layout_layer_cave, skrybe_vaults_entry_preservation, serial_shops,
          nicolae_shop_tiny_waterfront, serial_park_tiny_pond
D:15:     hangedman_slaughterboxes
Temple:   regret_index_temple_sphere_string
Lair:1:   layout_loops_ring, hellmonk_ghost_happy_afterlife,
          serial_bayou_shore_b, infiniplex_staircase_pool_2
Lair:2:   layout_layer_cave, spider_nest_entry_funnel_web, basic_altar,
          grunt_megastairs_5, serial_bayou_shore_a
Lair:3:   layout_small_grid, minmay_swamp_entry_eels
Lair:4:   dragon1_lemuel, layout_regular_city, beast_lair_carwin_8,
          serial_bayou_shore_b
Lair:5:   hangedman_lair_in_review, layout_regular_city,
          hangedman_lair_caniforms_friends, slime_entry_1,
          chequers_serial_rivers_room_b
Swamp:1:  layout_falls_marsh, ebering_ghost_rock_garden,
          nicolae_swamp_triple_paths, uniq_kirke, uniq_josephine
Swamp:2:  layout_falls_marsh, nicolae_swamp_well_well_well,
          nicolae_swamp_spriggan_camp, infiniplex_staircase_pool
Swamp:3:  layout_basic_swamp, nicolae_swamp_fairy_circle, swamp_pool5,
          nicolae_swamp_drake_lake, uniq_jorgrun
Swamp:4:  swamp_old_school, layout_basic_swamp, uniq_bai_suzhen
Spider:1: layout_chambers, nicolae_spider_swamp_cousins
Spider:2: layout_spider_delve, gammafunk_ghost_necromancy,
          hellmonk_motheaten_closet, uniq_mlioglotl
Spider:3: cheibrodos_spider_deadly_dance, portal_ice_cave_entry_pillars_four
Spider:4: spider_rune_water, guppyfry_hornet_nest, uniq_roxanne
Slime:1:  layout_caves
Slime:2:  layout_caves, nicolae_slime_getting_an_eyeful
Slime:3:  cheibrodos_slime_lost_civilization_8, layout_caves
Slime:4:  layout_caves
Slime:5:  slime_pit_nicolae_amoeboid
Orc:1:    layout_diamond_mine, uniq_sonja
Orc:2:    pubby_orc_utopia
Elf:1:    nicolae_elf_arrival_aired_out, layout_loops_ring, serial_shops, shop,
          serial_glass, glass_columns_b, glass_columns_b, basic_altar,
          minmay_elf_annihilation, minmay_shop_grove, uniq_norris
Elf:2:    elven_hall_of_blades_hangedman_original
          [infiniplex_blade_entry_pillars], layout_loops_cross, drop_trap
Elf:3:    minmay_elf_hall_golems, layout_loops_cross, minmay_shop_star
Vaults:1: hangedman_vaults_cutoff, v_alt_pattern_4, ontoclasm_vaults_pinch,
          nicolae_vaults_weapon_check, vaults_dpeg_hooks, v_misc_33,
          nicolae_vaults_hallways_thing, v_misc_30, ontoclasm_vaults_hangar,
          nicolae_vaults_loss_of_containment, hangedman_vaults_unwind,
          nicolae_vaults_specimen_jars, nicolae_vaults_closet_pinwheel_1,
          layout_vaults_omnibox
Vaults:2: v_rooms_4, nicolae_vaults_shipping_containers_1,
          nicolae_vaults_trapezoid_lopsided_4, nicolae_vaults_double_plus_3,
          v_misc_31, vaults_dpeg_diagonal, nicolae_vaults_bisected_slash,
          v_misc_27, nicolae_vaults_tetromino_Z_1, layout_vaults_omnigrid
Vaults:3: minmay_crypt_entry_simple_sparse, nicolae_vaults_tangent_ellipses,
          v_misc_24, nicolae_vaults_little_squares_6, ontoclasm_vaults_shuriken,
          nicolae_vaults_storage_room_glass, grunt_vaults_trifunnel,
          hangedman_vaults_restitches, ontoclasm_vaults_ring_small,
          nicolae_vaults_shelves_hall, layout_vaults_big_room
Vaults:4: nicolae_vaults_closet_pinwheel_5, nicolae_vaults_ninety_degrees,
          v_pattern_4, nicolae_vaults_spaceships, v_rooms_5,
          nicolae_vaults_diamond_2, nicolae_vaults_house_1,
          hangedman_vaults_stream, v_misc_15, v_misc_22,
          nicolae_vaults_tetromino_Z_2, layout_vaults_ring, serial_shops, shop
Vaults:5: serial_shops, uniq_sojobo
Depths:1: layout_cave_shapes, lemuel_blue_sif_altar,
          nicolae_abyss_entry_one_way_or_another, pf_coc_iceberg,
          nzn_wu_jian_contemplation, serial_bayou_shore_b
Depths:2: minmay_the_grid_3x3 [minmay_the_grid_armoury,
          minmay_the_grid_broken_lines, minmay_the_grid_minigrid_small,
          minmay_the_grid_embedded, minmay_the_grid_spikes, minmay_the_grid_x,
          minmay_the_grid_mess, minmay_the_grid_aliased_spiral,
          minmay_the_grid_prize_four_corners], layout_basic,
          grunt_hell_entry_dis_old, rand_demon_pan_entry_5, glass_columns_a,
          amcnicky_mini_pool_small, minmay_mirror_moons_of_madness
Depths:3: minmay_complete_graph, layout_cave_pools, serial_shops, shop,
          hellmouth_1, nicolae_kite_square_tiling_tiny, abyss_entry
Depths:4: grunt_zot_entry_tricorne, layout_gridlike, enter_ziggurat_f,
          minmay_room_of_horrors, nicolae_eternal_life, serial_shops,
          nicolae_shop_just_a_little_nook, pf_hell_entry_tar_river,
          minmay_shoptagon, uniq_enchantress, uniq_parghit
Hell
Zot:1:    layout_onion_interference, nicolae_transporter_circle
Zot:2:    layout_basic, nicolae_diode_basic
Zot:3:    layout_onion_interference, uniq_grunn
Zot:4:    kennysheep_blocky_room, layout_twisted_circle, uniq_tiamat
Zot:5:    layout_cathedral_of_symmetry, ebering_ghost_gozag, st_stairs_2

Skill      XL: |  1  2  3  4  5  6  7  8  9 10 11 12 13 14 15 16 17 18 19 20 21 22 23 24 25 26 27 |
---------------+----------------------------------------------------------------------------------+-----
Stealth        | 2 |  2.0
Fighting       | 1 2 3 4 6 7 8 9 10 11 12 13 15 17 18 19 20 21 | 21.7
Armour         | 1 2 3 4 6 7 9 10 11 12 13 14 15 17 | 17.1
Shapeshifting  | 4 5 6 8 9 11 12 13 14 15 16 17 20 24 | 24.2
Evocations     | 3 5 6 7 8 9 10 | 10.0
Unarmed Combat | 5 7 9 10 11 12 13 14 15 16 17 19 20 22 | 22.5
Invocations    | 2 7 9 10 11 12 13 14 15 | 15.0
Shields        | 8 10 12 15 16 17 18 22 | 22.0
Throwing       | 2 6 7 |  7.0
Dodging        | 2 5 8 |  8.3
Ranged Weapons | 4 |  4.0

Action                     |  1- 3 |  4- 6 |  7- 9 | 10-12 | 13-15 | 16-18 | 19-21 | 22-24 | 25-27 || total
---------------------------+-------+-------+-------+-------+-------+-------+-------+-------+-------++-------
  Melee: Unarmed           |    80 |   108 |   303 |   529 |  1414 |  1548 |  1974 |  1911 |  2746 || 10613
         Bite              |    16 |    25 |    76 |   193 |   632 |   674 |   897 |   927 |  1372 ||  4812
         Punch             |     1 |     2 |    10 |       |       |       |       |       |       ||    13
         Constrict         |       |       |     7 |    12 |    11 |       |       |       |       ||    30
   Fire: Sling             |    11 |     3 |     8 |       |       |       |       |       |       ||    22
  Throw: Javelin           |       |       |     4 |       |       |     2 |       |       |       ||     6
         Dart              |       |       |     2 |       |       |     4 |     7 |     7 |     7 ||    27
         Boomerang         |       |       |       |       |       |     1 |       |       |       ||     1
 Invoke: Shadow Step       |       |       |       |       |       |       |     1 |     4 |     5 ||    10
         Shadow Form       |       |       |       |       |       |       |       |     4 |     1 ||     5
Ability: Begin Untransform |       |       |       |       |       |     1 |     1 |       |     3 ||     5
         Siphon Essence    |       |       |       |       |       |       |       |       |     2 ||     2
  Evoke: Wand              |       |       |     4 |    10 |    10 |    18 |    12 |     4 |    34 ||    92
         Phantom mirror    |       |       |       |     1 |     2 |     3 |     3 |     2 |     3 ||    14
         Lightning rod     |       |       |       |       |       |     7 |     6 |     8 |    11 ||    32
         Condenser vane    |       |       |       |       |       |       |       |     2 |     3 ||     5
         Horn of Geryon    |       |       |       |       |       |       |       |       |     5 ||     5
         Sack of spiders   |       |       |       |       |       |       |       |       |     4 ||     4
         Phial of floods   |       |       |       |       |       |       |       |       |     2 ||     2
    Use: Scroll            |       |    10 |     3 |     9 |     5 |    15 |    11 |    11 |    26 ||    90
         Potion            |       |     4 |     1 |       |     3 |     7 |     6 |     6 |    20 ||    47
   Stab: Invisible         |       |     6 |     1 |       |     5 |     1 |     2 |     8 |       ||    23
         Sleeping          |       |       |     1 |     2 |       |       |       |       |       ||     3
         Petrified         |       |       |       |       |     3 |       |       |       |       ||     3
         Distracted        |       |       |       |       |       |     4 |       |     1 |     6 ||    11
         Confused          |       |       |       |       |       |       |     1 |       |       ||     1
 Armour: Animal skin       |    15 |       |       |       |       |       |       |       |       ||    15
         Chain mail        |    31 |    61 |   224 |       |       |       |       |       |       ||   316
         Skin              |       |    23 |    27 |    44 |    27 |       |       |       |       ||   121
         Ring mail         |       |       |     6 |    74 |       |       |       |       |       ||    80
         Crystal plate arm |       |       |       |   289 |  1423 |  1491 |  1595 |  1561 |   230 ||  6589
         Gold dragon scale |       |       |       |       |       |       |       |       |  1782 ||  1782
  Dodge: Dodged            |    41 |    57 |   290 |   197 |   379 |   305 |   423 |   397 |   426 ||  2515
  Block: Other             |       |       |       |       |   232 |    61 |       |       |       ||   293
         Reflection        |       |       |       |       |     4 |    57 |    51 |    74 |    71 ||   257
         Kite shield       |       |       |       |       |       |   966 |   793 |       |       ||  1759
         Tower shield      |       |       |       |       |       |       |  1262 |  2315 |  2557 ||  6134
   Form: Anaconda          |       |       |     1 |       |     1 |       |       |       |       ||     2
         Flux              |       |       |       |     1 |     1 |       |       |       |       ||     2
         Statue            |       |       |       |       |       |       |     1 |       |       ||     1
         Death             |       |       |       |       |       |       |       |       |     4 ||     4

Table legend: (Time is in decaauts)
 A = Elapsed time spent in this place.
 B = Non-inter-level travel time spent in this place.
 C = Inter-level travel time spent in this place.
 D = Time resting spent in this place.
 E = Time spent auto-exploring this place.
 F = Levels seen in this place.
 G = Mean time per level.
                   A        B        C        D        E       F      G
               +--------+--------+--------+--------+--------+-----+--------+
         Total |  61582 |  51582 |  10000 |   4549 |  22874 |  72 |  855.3 |
       Dungeon |  16264 |  11611 |   4653 |    843 |   6333 |  15 | 1084.3 |
        Temple |      1 |      1 |      0 |      0 |      0 |   1 |    1.0 |
          Lair |   6860 |   5845 |   1015 |    425 |   3175 |   5 | 1372.0 |
         Swamp |   3574 |   3289 |    285 |    129 |   1638 |   4 |  893.5 |
   Spider Nest |   5734 |   5140 |    594 |    662 |   2089 |   4 | 1433.5 |
    Slime Pits |    740 |    636 |    104 |     24 |     39 |   5 |  148.0 |
  Orcish Mines |   2920 |   2166 |    754 |     44 |    953 |   2 | 1460.0 |
   Elven Halls |   3486 |   2704 |    782 |    175 |   1194 |   3 | 1162.0 |
        Vaults |   6646 |   6216 |    430 |    259 |   3180 |   5 | 1329.2 |
        Depths |   7336 |   6385 |    951 |   1190 |   2113 |   4 | 1834.0 |
          Hell |    797 |    769 |     28 |     98 |    302 |   1 |  797.0 |
           Zot |   5234 |   4834 |    400 |    529 |   1798 |   5 | 1046.8 |
         Abyss |    534 |    534 |      0 |     11 |      0 |   4 |  133.5 |
      Ziggurat |    781 |    781 |      0 |    139 |      0 |  11 |   71.0 |
         Trove |     83 |     83 |      0 |      0 |     10 |   1 |   83.0 |
        Bailey |    480 |    480 |      0 |     18 |     40 |   1 |  480.0 |
      Ice Cave |    102 |    102 |      0 |      0 |      9 |   1 |  102.0 |
               +--------+--------+--------+--------+--------+-----+--------+

Top non-repeatable levels by time:
Depths:2: 3350 daAuts
    D:15: 2581 daAuts
Spider:1: 2228 daAuts
   Orc:2: 2218 daAuts
  Lair:5: 1777 daAuts
Vaults:5: 1646 daAuts
   Elf:3: 1638 daAuts
  Lair:2: 1604 daAuts
Spider:4: 1514 daAuts
Depths:4: 1505 daAuts
    D:12: 1379 daAuts
    D:14: 1357 daAuts
    D:10: 1335 daAuts
    D:13: 1324 daAuts
  Lair:4: 1303 daAuts
